AoeStats
← qkry335791

Northern Isles

510670310Analyzed
1v1 RM · 21h ago on Oct 2, 2026· 27m 43s· 2 players
Game mode
Random Map
Map size
Tiny (2 player)
Population
200
Speed
Normal
Resources
Standard
Victory
Conquest
Starting age
Dark Age
Ending age
Imperial Age
RankedLock teamsTeams togetherTeam positionsShared explorationLock speedFull tech treeHidden civsTurbo modeCheats
Victory
Defeat
🇵🇭 Varangians · Philippines
1256
+17
🇨🇳 Japanese · China
1277
-17
Lord_Lion
9:06 Loom
11:41 Feudal Age
12:32 Double-Bit Axe
14:14 Fletching
17:20 Castle Age
15:54 Gold Mining
19:24 Bodkin Arrow
27:01 Fishing Lines
27:29 Padded Archer Armor
qkry335791
10:39 Feudal Age
14:17 Castle Age
12:18 Double-Bit Axe
13:04 Gold Mining
15:08 Medium Warships
15:14 Bow Saw
17:02 Loom
18:03 Gold Shaft Mining
19:01 Wheelbarrow
20:19 Clinker Construction
21:12 Fishing Lines
22:45 Gillnets
Connection lost

Rejoining the realm…

Still unreachable

The connection could not be restored.

Session expired

The server has moved on; the page needs a fresh start.